 Dungeon Crawl Stone Soup version 0.31-a0-833-gc15d34cb79 (webtiles) character file.

Game seed: 10711583738207162818

277094 Shayle the Warrior (level 19, -3/161 HPs)
             Began as a Demonspawn Hedge Wizard on Sept 24, 2023.
             Was a Priest of Ashenzari.
             Killed from afar by a deep elf high priest (24 damage)
             ... with damnation
             ... on level 1 of the Vaults on Sept 25, 2023.
             The game lasted 05:51:42 (72611 turns).

Shayle the Warrior (Demonspawn Hedge Wizard)       Turns: 72611, Time: 05:51:43

Health: -3/161     AC: 14    Str: 14    XL:     19   Next: 59%
Magic:  2/38       EV: 12    Int: 31    God:    Ashenzari [***...]
Gold:   367        SH: 12    Dex: 23    Spells: 7/48 levels left

rFire   + . .        X - +2 long sword of the Cup {protect, rF+ rC+ Str+2}
rCold   + + +        w - +2 buckler {rC+}
rNeg    + + +        G - +4 skin of Zhor {*Englaciate rC+++ SInv}
rPois   +            h - +2 helmet "Astrological Dismay" {Comp, Alch} (curse)
rElec   .            A - +2 cloak of the Profound Doubts {Stlth+, Self, Comp} (curse)
rCorr   .            y - +1 pair of gloves of Ashenzari's Hedonism {Fly, Bglg, Self} (curse)
SInv    +            (boots unavailable)
Will    ++...        Z - amulet of Curses and Power {Reflect SH+5, Elem, Dev} (curse)
Stlth   +++++++      D - ring of the Shackled Seer {Int+6, Dev, Elem} (curse)
HPRegen 1.46/turn    n - ring "Kod Xuex" {rPois rC+ rN+++ Int+3 Dex+4}
MPRegen 0.26/turn

%: reflection, clarity
@: marked, flying, hasted, invisible, very quick
A: hooves 3, thin skeletal structure 3, demonic guardian 2, powered by death 1,
torment resistance 1, demonic willpower
}: 2/15 runes: barnacled, gossamer
a: Renounce Religion, Curse Item, Shatter the Chains


You were on level 1 of the Vaults.
You worshipped Ashenzari.
Ashenzari was most pleased with you.
You visited 8 branches of the dungeon, and saw 34 of its levels.
You also visited: Ice Cave and Desolation.

You collected 3457 gold pieces.
You spent 3090 gold pieces at shops.

Inventory:

Hand Weapons
 q - a +4 lajatang of electrocution
 X - the +2 long sword of the Cup (weapon) {protect, rF+ rC+ Str+2}
   (You found it on level 5 of the Lair of Beasts)

   Str+2:     It affects your strength (+2).
   rF+:       It protects you from fire.
   rC+:       It protects you from cold.
Missiles
 r - 4 throwing nets
 E - a curare-tipped dart (quivered)
Armour
 h - the cursed +2 helmet "Astrological Dismay" (worn) {Comp, Alch}
   (You took it off Robin on level 3 of the Dungeon)

   It has a curse which improves the following skills: Companions: Summonings
   and Necromancy.
   Alchemy:   Poison Magic and Transmutations.
 w - a +2 buckler of cold resistance (worn)
 y - the cursed +1 pair of gloves of Ashenzari's Hedonism (worn) {Fly, Bglg, Self}
   (You bought it in a shop on level 4 of the Dungeon)

   Fly:       It grants you flight.
   It has a curse which improves the following skills: Beguiling: Conjurations,
   Hexes and Translocations.
   Introspection: Fighting and Spellcasting.
 A - the cursed +2 cloak of the Profound Doubts (worn) {Stlth+, Self, Comp}
   (You took it off Crazy Yiuf on level 7 of the Dungeon)

   It has a curse which improves the following skills: Introspection: Fighting
   and Spellcasting.
   Companions: Summonings and Necromancy.
 G - the +4 skin of Zhor (worn) {*Englaciate rC+++ SInv}
   (You found it in an ice cave)

   *Englaciate: It radiates cold, occasionally slowing all nearby creatures who
   are not resistant to cold.
   rC+++:     It renders you almost immune to cold.
   SInv:      It lets you see invisible.
Jewellery
 b - a +4 ring of slaying
 f - a +6 ring of intelligence
 n - the ring "Kod Xuex" (right hand) {rPois rC+ rN+++ Int+3 Dex+4}
   (You bought it in a shop on level 10 of the Dungeon)

   [ring of poison resistance]

   Int+3:     It affects your intelligence (+3).
   Dex+4:     It affects your dexterity (+4).
   rC+:       It protects you from cold.
   rPois:     It protects you from poison rN+++: It renders you almost immune to
   negative energy.
 D - the cursed ring of the Shackled Seer (left hand) {Int+6, Dev, Elem}
   (You found it on level 9 of the Dungeon)

   [ring of intelligence]

   Int+6:     It affects your intelligence (+6).
   It has a curse which improves the following skills: Devices: Evocations and
   Shapeshifting.
   Elements:  Fire Magic, Ice Magic, Air Magic and Earth Magic.
 J - a +6 ring of strength
 W - a ring of magical power
 Z - the cursed amulet of Curses and Power (around neck) {Reflect SH+5, Elem, Dev}
   (You bought it in a shop on level 2 of the Orcish Mines)

   [amulet of reflection]

   Reflect:   It reflects blocked missile attacks.
   SH+5:      It affects your SH (+5).
   It has a curse which improves the following skills: Elements: Fire Magic, Ice
   Magic, Air Magic and Earth Magic.
   Devices:   Evocations and Shapeshifting.
Talismans
 Q - a talisman of death
Wands
 t - a wand of flame (38)
 B - a wand of digging (3)
 F - a wand of charming (12)
 L - a wand of polymorph (23)
Scrolls
 e - 8 scrolls of vulnerability
 g - a scroll of fog
 i - 2 scrolls of brand weapon
 s - 2 scrolls of enchant weapon
 H - 2 scrolls of silence
 K - 2 scrolls of revelation
 M - a scroll of poison
 N - 2 scrolls of immolation
Potions
 a - 2 potions of attraction
 c - a potion of might
 d - a potion of curing
 j - a potion of magic
 l - 6 potions of cancellation
 x - 4 potions of resistance
 z - 2 potions of invisibility
 C - 7 potions of lignification
 I - 2 potions of haste
 O - 5 potions of brilliance
 T - 7 potions of ambrosia
 U - 2 potions of enlightenment
 Y - 4 potions of mutation
Miscellaneous
 V - a phantom mirror (inert)


   Skills:
 - Level 15.5(17.6) Fighting
 + Level 13.7 Staves
 - Level 1.7 Dodging
 - Level 4.1 Stealth
 - Level 13.0(15.1) Spellcasting
 + Level 8.5(10.0) Conjurations
 - Level 1.0(2.3) Summonings
 - Level 10.1(12.3) Necromancy
 - Level 0.8(1.6) Translocations
 - Level 9.0(10.5) Transmutations
 - Level 9.9(12.1) Fire Magic
 - Level 6.4(8.7) Air Magic
 - Level 8.4(10.7) Earth Magic
 - Level 9.5(11.0) Poison Magic
 + Level 10.9(13.1) Shapeshifting


You had 7 spell levels left.
You knew the following spells:

 Your Spells              Type           Power      Damage    Failure   Level
a - Magic Dart            Conj           100%       1d8       1%          1
b - Call Imp              Summ           74%        N/A       1%          2
c - Blink                 Tloc           66%        N/A       1%          2
d - Mephitic Cloud        Conj/Pois/Air  71%        N/A       1%          3
e - Ignite Poison         Fire/Tmut/Pois 75%        N/A       1%          3
f - Airstrike             Air            33%        2d(5-21)  1%          4
g - Borgnjor's Vile Clut  Necr/Erth      38%        N/A       1%          5
h - Freezing Cloud        Conj/Ice/Air   29%        6-21      5%          5
i - Eringya's Noxious Bo  Tmut/Pois      37%        4d6       4%          6
j - Simulacrum            Ice/Necr       29%        N/A       30%         6
k - Iskenderun's Mystic   Conj/Tloc      56%        2d12      2%          4

Your spell library contained the following spells:

 Spells                   Type           Power      Damage    Failure   Level
 Necrotise                Necr           100%       1d9       0%          1
 Apportation              Tloc           66%        N/A       1%          1
 Kiss of Death            Conj/Necr      100%       2d13      1%          1
 Sandblast                Erth           100%       2d20      1%          1
 Shock                    Conj/Air       100%       1d9       1%          1
 Summon Small Mammal      Summ           100%       N/A       1%          1
 Cigotuvi's Dreadful Rot  Necr/Pois/Air  100%       N/A       1%          2
 Passwall                 Tmut/Erth      60%        N/A       1%          2
 Static Discharge         Conj/Air       100%       2-7/arc   1%          2
 Hailstorm                Conj/Ice       53%        3d12      1%          3
 Stone Arrow              Conj/Erth      100%       3d13      1%          3
 Swiftness                Air            67%        N/A       1%          3
 Vampiric Draining        Necr           79%        2d11      1%          3
 Volatile Blastmotes      Fire/Tloc      100%       2d18      1%          3
 Animate Armour           Summ/Erth      100%       N/A       1%          4
 Brom's Barrelling Bould  Conj/Erth      73%        2d9       1%          4
 Agony                    Necr           79%        N/A       1%          5
 Alistair's Intoxication  Tmut/Pois      49%        N/A       1%          5
 Arcjolt                  Conj/Air       34%        1d44      1%          5
 Fireball                 Conj/Fire      37%        3d15      1%          5
 Iskenderun's Battlesphe  Conj           72%        2d12      1%          5
 Lee's Rapid Deconstruct  Erth           37%        3d18*     1%          5
 Freeze                   Ice            100%       1d10      2%          1
 Slow                     Hex            96%        N/A       2%          1
 Leda's Liquefaction      Hex/Erth       27%        N/A       2%          4
 Summon Lightning Spire   Summ/Air       55%        N/A       2%          4
 Call Canine Familiar     Summ           37%        N/A       3%          3
 Fulminant Prism          Conj/Hex       26%        3d13      3%          4
 Vhi's Electric Charge    Tloc/Air       100%       N/A       3%          4
 Plasma Beam              Fire/Air       36%        2x1d50    5%          6
 Frozen Ramparts          Ice            50%        1d8       7%          3
 Ozocubu's Armour         Ice            25%        N/A       7%          3
 Sigil of Binding         Hex            24%        N/A       8%          3
 Tukima's Dance           Hex            24%        N/A       8%          3
 Conjure Ball Lightning   Conj/Air       34%        3x3d11    9%          6
 Summon Ice Beast         Ice/Summ       31%        N/A       16%         4
 Dimensional Bullseye     Hex/Tloc       14%        N/A       19%         4
 Orb of Destruction       Conj           36%        9d11      34%         7
 Metabolic Englaciation   Hex/Ice        12%        N/A       54%         5
 Ozocubu's Refrigeration  Ice            12%        4d10      100%        7
 Summon Hydra             Summ           18%        N/A       100%        7
 Disjunction              Tloc           16%        N/A       100%        8


Dungeon Overview and Level Annotations

Branches:
Dungeon (15/15)            Temple (1/1) D:7            Lair (5/5) D:11
 Shoals (4/4) Lair:3       Spider (4/4) Lair:2        Slime (0/5) Lair:4
    Orc (2/2) D:12            Elf (2/3) Orc:2        Vaults (1/5) D:14
 Depths (0/4) D:15          IceCv (visited)         Desolation (visited)

Altars:
Ashenzari
Cheibriados
Dithmenos
Fedhas
Gozag
Hepliaklqana
Kikubaaqudgha
Makhleb
Nemelex Xobeh
Okawaru
Qazlal
Ru
Sif Muna
Trog
Uskayaw
Vehumet
Wu Jian
Xom
Yredelemnul
Jiyva
Lugonu

Shops:
D:1 ?   D:3 !   D:4 [:   D:10 =   Orc:2 *=:[(   Shoals:1 *   Shoals:3 [(

Portals:
Abyss: Lair:5

Annotations:
D:9 3 runed translucent doors
Lair:4 1 runed translucent door
Shoals:2 3 runed translucent doors, Juakinleluo's ghost, adept HOFE


Innate Abilities, Weirdness & Mutations

You have hooves in place of feet.
You have an unnaturally thin skeletal structure. (Dex +6, Stealth+++)
A demonic guardian rushes to your aid.
You regenerate a little health from kills.
You are resistant to unholy torment.
You punish those that try to bend your will. (Will+)


Message History

You block the centaur warrior's attack. The centaur warrior hits you.
* * * LOW HITPOINT WARNING * * *
You block the centaur warrior's attack.
The yaktaur captain shoots a bolt.
The bolt hits your sixfirhy!!!
Your sixfirhy dies!
Your sixfirhy disappears in a puff of smoke!
You feel yourself speed up. You block the centaur warrior's attack.
The centaur warrior closely misses you.
A lindwurm comes into view.
Unknown command.
The centaur warrior wields a +0 orcbow.
The centaur warrior shoots an arrow.
You block the arrow with an invisible shield... and reflect it back!
The arrow hits the centaur warrior!
A deep elf high priest comes into view.
It is wielding a +1 long sword of electrocution.
Unknown command.
The centaur warrior shoots an arrow.
The arrow hits you!!
* * * LOW HITPOINT WARNING * * *
A demonic guardian appears!
The yaktaur captain shoots a bolt.
The bolt barely misses you.
Unknown command.
Okay, then.
Okay, then.
The centaur warrior shoots an arrow.
The arrow barely misses you. The lindwurm breathes flames at you.
The blast of flame misses you.
Unknown command.
The centaur warrior shoots an arrow.
The arrow completely misses you.
Unknown command.
The centaur warrior shoots an arrow.
The arrow hits you.
* * * LOW HITPOINT WARNING * * *
The yaktaur captain shoots a bolt.
You block the bolt with an invisible shield... and reflect it back!
The bolt hits the yaktaur captain!!
A dire elephant comes into view.
Unknown command.
The centaur warrior shoots an arrow.
The arrow closely misses you.
A dire elephant comes into view.
The deep elf high priest calls down the wrath of its god upon you.
The sphere of damnation explodes!
The damnation engulfs you!!
You die...

.'.....§'§Y§§§§.#.#.8.....8.#.#..
.'......#Ye§.§§.#.#.........#.#..
.#......#c§k[.§.#'###'#########..
.#......+..c....#.#..#...#..#.#..
.#......+.......#.#..#...#..#.#..
.########..3....##'######'##'##..
.# #.......#.#..#...#..#.#.. .#
#.......###############.. #
#.......@................
#........................
#########################


You could see a dire elephant (unable to see you), a yaktaur captain (unable to
see you, ally target), a centaur warrior (unable to see you), a lindwurm (unable
to see you, catching breath), a deep elf high priest (unable to see you) and a
friendly smoke demon (summoned).

Vanquished Creatures
  Jorgrun (Spider:2)
  Rupert (Lair:3)
  Asterion (Spider:2)
  A deep elf blademaster (Elf:2)
  A deep elf master archer (Elf:2)
  Gastronok (D:12)
  Polyphemus (Shoals:3)
  A tengu reaver (D:12)
  Ilsuiw (Shoals:3)
  3 ghost moths
  A vault warden (Vaults:1)
  A frost giant (Shoals:4)
  7 emperor scorpions
  2 imperial myrmidons (Desolation)
  2 orc warlords
  4 ironbound preservers
  2 broodmothers
  A stone giant (D:12)
  A dire elephant (D:15)
  A halazid warlock (Desolation)
  2 spark wasps (Spider:1)
  8 merfolk impalers
  8 merfolk javelineers
  2 yaktaur captains (Vaults:1)
  Fannar (D:10)
  A fire dragon (D:12)
  3 servants of whispers (Desolation)
  6 entropy weavers
  An ice dragon (D:13)
  Erolcha (D:10)
  9 ragged hierophants (Desolation)
  5 peacekeepers
  2 jorogumos
  9 hydras
  2 merfolk avatars (Shoals:3)
  7 centaur warriors
  2 ironbound frosthearts (IceCv)
  7 boulder beetles
  4 merfolk aquamancers
  A two-headed ogre (shapeshifter) (D:15)
  3 ogre magi
  13 two-headed ogres
  A catoblepas (Shoals:3)
  2 tengu warriors (D:14)
  3 radroaches
  4 dancing weapons
  A satyr (Shoals:4)
  An alligator snapping turtle (Shoals:3)
  9 demonic crawlers
  Urug (Orc:2)
  10 death yaks
  2 thrashing horrors (Lair:5)
  4 deep elf knights (Elf:2)
  A skyshark (Shoals:1)
  7 pharaoh ants
  3 skeletal warriors (D:12)
  A fire crab (shapeshifter) (Lair:5)
  A sun moth (Spider:4)
  Sonja (Lair:4)
  11 orb spiders
  13 deep trolls (Vaults:1)
  The ghost of ShinQuickMan the Conjurer, a novice HuCj of Zin (D:6)
  11 sea snakes
  2 steelbarb worms (Spider:3)
  An orange crystal statue (D:9)
  3 orc knights
  5 ironbound convokers
  A deep elf archer (Elf:1)
  7 lindwurms (Vaults:1)
  16 harpies
  An oklob plant (Lair:3)
  7 deep elf zephyrmancers
  14 wolf spiders
  19 ugly things
  8 deep elf pyromancers
  15 manticores
  2 orc sorcerers (Orc:2)
  6 cyclopes
  3 fauns (Shoals:2)
  An elephant (Lair:4)
  4 moths of wrath
  A salamander (D:15)
  An ice statue (IceCv)
  2 guardian serpents (Desolation)
  6 merfolk sirens
  A gargoyle (D:14)
  4 vault sentinels (Vaults:1)
  A guardian serpent (shapeshifter) (D:15)
  4 torpor snails
  A smoke demon (Lair:5)
  3 water nymphs
  6 black mambas
  A molten gargoyle (Desolation)
  Jeremiah (D:7)
  Psyche (D:12)
  9 cane toads
  8 yaktaurs
  6 kobold demonologists
  4 rime drakes
  An unseen horror (D:11)
  A freezing wraith (D:14)
  7 komodo dragons
  An efreet (D:15)
  2 tengu conjurers (D:14)
  A queen bee (Spider:1)
  6 trolls
  7 meliai
  18 polar bears
  6 wind drakes
  38 saltlings (Desolation)
  A tarantella (shapeshifter) (D:9)
  18 blink frogs
  8 snapping turtles
  21 tarantellas
  19 merfolk
  6 hornets
  A raiju (Lair:5)
  A dream sheep (Lair:4)
  A centaur simulacrum (D:14)
  23 jumping spiders
  14 slime creatures
  A ynoxinul (Lair:5)
  A shadow (D:9)
  24 culicivoras
  A wraith (D:12)
  A culicivora (shapeshifter) (Lair:5)
  6 water elementals
  Sigmund (D:2)
  An air elemental (Elf:1)
  3 wyverns
  52 yaks
  A spriggan (shapeshifter) (Elf:2)
  A spriggan (Lair:5)
  4 steam dragons
  5 basilisks
  94 redbacks
  2 vampire mosquitoes (D:12)
  Menkaure (D:6)
  A chaos spawn (Lair:5)
  2 wargs (Orc:2)
  7 acid dragons
  15 water moccasins
  26 orc warriors
  5 black bears
  2 ice beasts
  11 ogres
  4 large abominations (Lair:5)
  A sky beast (shapeshifter) (D:15)
  21 wolves
  A phantom (D:5)
  11 centaurs
  4 kobold brigands
  14 bullfrogs
  A gnoll sergeant (D:9)
  A scorpion (D:11)
  A wight (D:9)
  23 killer bees
  3 electric eels (D:12)
  7 howler monkeys
  8 small abominations (Lair:5)
  Crazy Yiuf (D:7)
  4 hounds
  23 orc priests
  A sleepcap (D:7)
  Terence (D:2)
  Jessica (D:3)
  An iguana (D:6)
  32 orc wizards
  Robin (D:3)
  9 adders
  6 gnolls
  A shadow imp (D:6)
  3 white imps
  2 ufetubi
  A worm (D:2)
  2 dart slugs
  81 orcs
  7 bats
  8 endoplasms
  5 giant cockroaches
  11 goblins
  6 hobgoblins
  4 quokkas
  6 ball pythons
  4 frilled lizards
  15 kobolds
  9 rats
1208 creatures vanquished.

Vanquished Creatures (collateral kills)
  Agnes (Spider:1)
  Donald (Spider:1)
  A ghost moth (Spider:2)
  A vault warden (Vaults:1)
  An ironbound preserver (Vaults:1)
  A deep elf demonologist (Elf:1)
  A crystal guardian (Desolation)
  A merfolk impaler (Shoals:4)
  A servant of whispers (Desolation)
  A merfolk avatar (Shoals:4)
  A two-headed ogre (D:9)
  A centaur warrior (D:15)
  An orc high priest (Orc:2)
  A dancing weapon (Elf:1)
  2 thrashing horrors (Lair:5)
  A skyshark (Shoals:3)
  An orb spider (Spider:4)
  A deep troll (Vaults:1)
  A lindwurm (Vaults:1)
  A deep elf zephyrmancer (Elf:1)
  An orc knight (Orc:2)
  4 ugly things
  A cyclops (D:11)
  A manticore (Shoals:4)
  3 merfolk
  A merfolk (shapeshifter) (Elf:2)
  2 blink frogs (Lair:5)
  8 saltlings (Desolation)
  A snapping turtle (Shoals:4)
  A jumping spider (Spider:2)
  2 water elementals (Shoals:2)
  A spriggan (Lair:5)
  A redback (Spider:4)
  5 yaks
  An orc warrior (Orc:2)
  A sky beast (D:6)
  2 centaurs (D:15)
  A bullfrog (D:6)
  3 hounds
  3 orc priests
  An orc wizard (D:8)
  A sleepcap (D:5)
  An adder (D:3)
  2 gnolls (D:5)
  An ufetubus (D:5)
  3 orcs
73 creatures vanquished.

Vanquished Creatures (others)
  A peacekeeper (Desolation)
  A deep elf pyromancer (Elf:1)
  A polar bear (D:13)
  A sky beast (D:7)
  A bullfrog (D:11)
  A killer bee (Spider:1)
  An orc (D:8)
  2 spectral weapons (Spider:2)
9 creatures vanquished.

Grand Total: 1290 creatures vanquished

Notes
Turn   | Place    | Note
-------+----------+-------------------------------------------
     0 | D:1      | Shayle the Demonspawn Hedge Wizard began the quest for the
                  | Orb.
     0 | D:1      | Reached XP level 1. HP: 13/13 MP: 4/4
    77 | D:1      | Reached skill level 1 in Fighting
   155 | D:1      | Gained mutation: A weak demonic guardian rushes to your
                  | aid. [demonic ancestry]
   155 | D:1      | Reached XP level 2. HP: 21/21 MP: 6/6
   635 | D:1      | Found Dilug's Magic Scroll Boutique.
   640 | D:1      | Bought a scroll of identify for 20 gold pieces
   640 | D:1      | Bought a scroll of identify for 20 gold pieces
   640 | D:1      | Bought a scroll of identify for 20 gold pieces
  1013 | D:2      | Noticed Sigmund
  1036 | D:2      | Learned a level 2 spell: Call Imp
  1039 | D:2      | Learned a level 2 spell: Blink
  1412 | D:2      | Noticed Terence
  1419 | D:3      | Found an iron altar of Okawaru.
  1517 | D:3      | Reached XP level 3. HP: 27/27 MP: 7/7
  1554 | D:3      | Reached skill level 2 in Fighting
  1799 | D:3      | Noticed Jessica
  1816 | D:3      | Killed Jessica
  1817 | D:3      | Reached XP level 4. HP: 23/34 MP: 8/8
  1867 | D:3      | Noticed Robin
  2257 | D:4      | Found Cyta's Book Emporium.
  2282 | D:4      | Found an opulent altar of Gozag.
  2461 | D:4      | Reached skill level 3 in Fighting
  2528 | D:4      | You fall into a shaft and drop 1 floor!
  2528 | D:5      | Entered Level 5 of the Dungeon
  2531 | D:5      | Found a burning altar of Makhleb.
  2555 | D:5      | Gained mutation: You regenerate a little health from kills.
                  | [demonic ancestry]
  2555 | D:5      | Reached XP level 5. HP: 41/41 MP: 9/9
  2761 | D:4      | Found Tukhlauq's Antique Armour Emporium.
  2842 | D:4      | Learned a level 3 spell: Mephitic Cloud
  3974 | D:5      | Reached skill level 1 in Air Magic
  3974 | D:5      | Reached skill level 1 in Poison Magic
  3974 | D:5      | Reached XP level 6. HP: 42/48 MP: 2/10
  4693 | D:5      | Reached skill level 4 in Fighting
  5112 | D:5      | Reached XP level 7. HP: 52/54 MP: 4/12
  5427 | D:6      | Noticed Menkaure
  5572 | D:5      | Learned a level 3 spell: Ignite Poison
  5877 | D:6      | Killed Menkaure
  6124 | D:6      | Gained mutation: You have large cloven feet. [demonic
                  | ancestry]
  6124 | D:6      | Reached XP level 8. HP: 61/61 MP: 12/14
  6199 | D:6      | Reached skill level 5 in Fighting
  6287 | D:6      | Found a runed translucent door.
  6288 | D:6      | Noticed ShinQuickMan's ghost (novice HuCj)
  6387 | D:6      | Found a hazy altar of Hepliaklqana.
  6747 | D:7      | Found a staircase to the Ecumenical Temple.
  6755 | Temple   | Entered the Ecumenical Temple
  6781 | Temple   | Became a worshipper of Ashenzari the Shackled
  6855 | D:7      | Noticed Jeremiah
  7298 | D:7      | Killed Jeremiah
  7299 | D:7      | Reached skill level 5 in Spellcasting
  7629 | D:8      | Found a shimmering altar of Xom.
  7953 | D:7      | Found a radiant altar of Vehumet.
  7962 | D:7      | Found a sacrificial altar of Ru.
  7979 | D:7      | Gained mutation: You have a somewhat thin skeletal
                  | structure. (Dex +2, Stealth+) [demonic ancestry]
  7979 | D:7      | Reached XP level 9. HP: 46/69 MP: 1/16
  8198 | D:7      | Reached skill level 6 in Fighting
  8292 | D:7      | Found a runed translucent door.
  8292 | D:7      | Noticed Crazy Yiuf
  8728 | D:3      | Found Mimoul's Distillery.
  8878 | D:3      | Killed Robin
  9122 | D:2      | Killed Terence
  9174 | D:2      | Found a faded altar of an unknown god.
  9242 | D:2      | Reached skill level 5 in Conjurations
  9361 | D:2      | Killed Sigmund
 10048 | D:7      | Killed Crazy Yiuf
 10049 | D:7      | Reached skill level 5 in Poison Magic
 10715 | D:8      | Found a blossoming altar of Fedhas.
 10715 | D:8      | Found a shadowy altar of Dithmenos.
 10810 | D:8      | Reached skill level 5 in Air Magic
 11178 | D:9      | Noticed a troll
 11325 | D:10     | Entered Level 10 of the Dungeon
 11477 | D:10     | Gained mutation: You have hoof-like feet. [demonic
                  | ancestry]
 11477 | D:10     | Reached XP level 10. HP: 79/79 MP: 19/19
 11520 | D:10     | Reached skill level 7 in Fighting
 11580 | D:10     | Learned a level 4 spell: Airstrike
 11633 | D:10     | Found a hide-covered altar of Uskayaw.
 11670 | D:10     | Found a stormy altar of Qazlal.
 11916 | D:10     | Found Xipritan's Jewellery Shoppe.
 11921 | D:10     | Noticed a boulder beetle
 11941 | D:10     | HP: 2/79 [boulder beetle (33)]
 11947 | D:10     | Noticed Fannar
 12377 | D:9      | Noticed a two-headed ogre
 12385 | D:9      | Killed a two-headed ogre
 12693 | D:9      | Noticed a two-headed ogre
 12947 | D:1      | Bought a scroll of acquirement for 520 gold pieces
 12947 | D:1      | Acquired 923 gold pieces
 13045 | D:4      | Bought a pair of smouldering gloves for 304 gold pieces
 13045 | D:4      | Identified the +1 pair of gloves of Cheibriados {Fly} (You
                  | bought it in a shop on level 4 of the Dungeon)
 13183 | D:9      | Reached skill level 8 in Fighting
 13189 | D:9      | Found a runed translucent door.
 13480 | D:9      | Found a runed translucent door.
 13499 | D:9      | Found a runed translucent door.
 13510 | D:9      | Found a runed translucent door.
 13524 | D:9      | Reached * piety under Ashenzari
 13526 | D:9      | Noticed an orange crystal statue
 13554 | D:9      | Learned a level 5 spell: Borgnjor's Vile Clutch
 14095 | D:10     | Killed Fannar
 14096 | D:10     | Reached skill level 1 in Necromancy
 14096 | D:10     | Reached skill level 1 in Earth Magic
 14096 | D:10     | Gained mutation: You have a moderately thin skeletal
                  | structure. (Dex +4, Stealth++) [demonic ancestry]
 14096 | D:10     | Reached XP level 11. HP: 41/89 MP: 1/23
 14295 | D:10     | Noticed Erolcha
 14312 | D:10     | Killed Erolcha
 14624 | D:10     | Killed a boulder beetle
 14996 | D:11     | Reached ** piety under Ashenzari
 15479 | D:11     | Reached skill level 9 in Fighting
 15615 | D:11     | Found a staircase to the Lair.
 15672 | D:11     | HP: 2/92 [cyclops (10)]
 15756 | Lair:1   | Entered Level 1 of the Lair of Beasts
 15927 | Lair:1   | Reached skill level 5 in Necromancy
 16415 | Lair:1   | Reached XP level 12. HP: 83/100 MP: 4/26
 17705 | Lair:2   | Noticed a death yak
 17710 | Lair:2   | Reached skill level 5 in Earth Magic
 17711 | Lair:2   | Noticed a death yak
 17714 | Lair:2   | Noticed a death yak
 17714 | Lair:2   | Noticed a death yak
 17722 | Lair:2   | Killed a death yak
 17723 | Lair:2   | Reached skill level 10 in Fighting
 17769 | Lair:1   | Killed a death yak
 18142 | Lair:2   | Killed a death yak
 18158 | Lair:2   | Killed a death yak
 18348 | Lair:2   | Found a hole to the Spider Nest.
 19655 | Lair:3   | Noticed a five-headed hydra
 19659 | Lair:3   | Killed a five-headed hydra
 20555 | D:12     | Reached skill level 11 in Fighting
 20577 | D:12     | Noticed a boulder beetle
 20806 | D:12     | Noticed a fire dragon
 21484 | Lair:3   | Found a staircase to the Shoals.
 21887 | Lair:3   | Noticed Rupert
 21895 | Lair:3   | Learned a level 5 spell: Freezing Cloud
 21902 | Lair:3   | Killed Rupert
 22252 | Lair:3   | Gained mutation: A demonic guardian rushes to your aid.
                  | [demonic ancestry]
 22252 | Lair:3   | Reached XP level 13. HP: 93/111 MP: 6/27
 23505 | Lair:4   | Noticed Sonja
 23532 | Lair:4   | Killed Sonja
 24469 | D:10     | Bought the ring "Kod Xuex" {rPois rC+ rN+++ Int+3 Dex+4}
                  | for 1045 gold pieces
 24581 | D:6      | Killed ShinQuickMan's ghost
 25267 | Lair:4   | Reached skill level 12 in Fighting
 25431 | Lair:4   | Found a runed translucent door.
 25432 | Lair:4   | Found a viscous altar of Jiyva.
 25432 | Lair:4   | Found a staircase to the Slime Pits.
 25481 | Lair:5   | Entered Level 5 of the Lair of Beasts
 25646 | Lair:5   | Reached skill level 10 in Necromancy
 25768 | Lair:5   | Identified the +2 long sword of the Cup {protect, rF+ rC+
                  | Str+2}
 26145 | Lair:5   | Reached skill level 1 in Transmutations
 28517 | Lair:5   | Reached skill level 13 in Fighting
 28592 | Lair:5   | Reached XP level 14. HP: 119/121 MP: 2/28
 29373 | Lair:5   | Found a corrupted altar of Lugonu.
 29373 | Lair:5   | Found a one-way gate to the infinite horrors of the Abyss.
 29909 | Shoals:1 | Entered Level 1 of the Shoals
 29970 | Spider:1 | Entered Level 1 of the Spider Nest
 30650 | Spider:1 | Reached skill level 5 in Transmutations
 31175 | Spider:1 | Noticed Agnes
 31205 | Spider:1 | Killed Agnes
 31448 | Spider:1 | Learned a level 6 spell: Eringya's Noxious Bog
 31571 | Spider:1 | Identified the +5 kite shield "Mumnozus" {rPois MP-9 Dex+2}
 31571 | Spider:1 | Noticed Donald
 31639 | Spider:1 | Killed Donald
 31640 | Spider:1 | Reached skill level 1 in Staves
 32132 | Spider:1 | Reached skill level 14 in Fighting
 32140 | Spider:1 | HP: 6/123 [demonic crawler (10)]
 32140 | Spider:1 | HP: 2/123 [demonic crawler (4)]
 32379 | D:12     | Reached *** piety under Ashenzari
 32556 | D:12     | Found a staircase to the Orcish Mines.
 32669 | Orc:1    | Entered Level 1 of the Orcish Mines
 32802 | Orc:2    | Entered Level 2 of the Orcish Mines
 32992 | Orc:2    | Found a staircase to the Elven Halls.
 33439 | Orc:2    | Noticed an orc warlord
 33444 | Orc:2    | Noticed Urug
 33451 | Orc:2    | Killed an orc warlord
 33453 | Orc:2    | Killed Urug
 33960 | Orc:2    | Found Jitir's General Store.
 33978 | Orc:2    | Found Racrumemn's Jewellery Shoppe.
 34057 | Orc:2    | Found Qamapiep's Antique Weapon Shoppe.
 34071 | Orc:2    | Found Exzied's Antique Armour Shoppe.
 34424 | Orc:2    | Found Geomaa's Book Shop.
 34908 | Orc:1    | Gained mutation: You have hooves in place of feet. [demonic
                  | ancestry]
 34908 | Orc:1    | Reached XP level 15. HP: 120/132 MP: 14/29
 35633 | D:12     | Noticed Gastronok
 35643 | D:12     | Killed Gastronok
 35662 | D:12     | Noticed Psyche
 35999 | D:13     | Found a frozen archway.
 36016 | D:13     | Reached skill level 5 in Staves
 36064 | IceCv    | Entered an ice cave
 36697 | IceCv    | Reached skill level 15 in Fighting
 36912 | IceCv    | Found the +4 skin of Zhor {*Englaciate rC+++ SInv}
 37190 | IceCv    | Identified the Omnibus of the Glacier
 38374 | Orc:2    | Bought an amulet of reflection for 330 gold pieces
 38632 | Shoals:1 | Found Mutouk Waups's Assorted Antiques.
 38640 | Shoals:1 | Bought a potion of mutation for 272 gold pieces
 38947 | Shoals:1 | Reached **** piety under Ashenzari
 39088 | Shoals:1 | Identified the Octavo of Sophism
 40003 | Shoals:2 | Found a runed translucent gate.
 40003 | Shoals:2 | Found a runed translucent gate.
 40003 | Shoals:2 | Found a runed translucent gate.
 40266 | Shoals:2 | Reached skill level 1 in Shapeshifting
 41543 | Shoals:2 | Noticed Juakinleluo's ghost (adept HOFE)
 41568 | Shoals:3 | Found Vofreug's Antique Armour Shoppe.
 41883 | Shoals:3 | Noticed Ilsuiw
 41894 | Shoals:3 | Killed Ilsuiw
 42216 | Shoals:3 | Noticed Polyphemus
 42241 | Shoals:3 | Killed Polyphemus
 42242 | Shoals:3 | Gained mutation: You punish those that try to bend your
                  | will. (Will+) [demonic ancestry]
 42242 | Shoals:3 | Reached XP level 16. HP: 61/142 MP: 0/31
 42903 | Shoals:3 | Found Amesir's Weapon Emporium.
 43140 | Shoals:4 | Entered Level 4 of the Shoals
 44416 | D:12     | Killed Psyche
 44465 | D:12     | Noticed a tengu reaver
 44608 | D:12     | Reached skill level 1 in Fire Magic
 44731 | D:12     | Killed a tengu reaver
 44732 | D:12     | Reached skill level 10 in Spellcasting
 45226 | Spider:1 | Reached skill level 5 in Shapeshifting
 46413 | Spider:2 | Noticed Asterion
 46419 | Spider:2 | Killed Asterion
 46426 | Spider:2 | Noticed Jorgrun
 46437 | Spider:2 | Killed Jorgrun
 49849 | Spider:3 | Gained mutation: You are resistant to unholy torment.
                  | [demonic ancestry]
 49849 | Spider:3 | Reached XP level 17. HP: 148/148 MP: 23/34
 50906 | Spider:3 | Reached skill level 10 in Staves
 52070 | Spider:4 | Entered Level 4 of the Spider Nest
 52429 | Spider:4 | Reached skill level 5 in Fire Magic
 55374 | Spider:4 | Learned a level 6 spell: Simulacrum
 56242 | Spider:4 | Got a gossamer rune of Zot
 57022 | Shoals:3 | Learned a level 4 spell: Iskenderun's Mystic Blast
 59598 | Shoals:4 | Got a barnacled rune of Zot
 60072 | Shoals:4 | Identified the +1 robe of Yvohiuzo {+Blink +Inv Str-4}
 60358 | Shoals:4 | Gained mutation: You have an unnaturally thin skeletal
                  | structure. (Dex +6, Stealth+++) [demonic ancestry]
 60358 | Shoals:4 | Reached XP level 18. HP: 131/155 MP: 17/36
 60767 | Shoals:4 | Identified the ring "Yghun" {Wiz Dex+4 Stlth-}
 61587 | D:14     | Upgraded the game from 0.31-a0-819-gf6de2f5ab6 to
                  | 0.31-a0-833-gc15d34cb79
 63540 | D:14     | Found a gate to the Vaults.
 63648 | D:14     | Found a blossoming altar of Fedhas.
 63730 | D:15     | Entered Level 15 of the Dungeon
 64380 | D:15     | Found a staircase to the Depths.
 65727 | Vaults:1 | Entered Level 1 of the Vaults
 67923 | Elf:1    | Entered Level 1 of the Elven Halls
 68050 | Elf:1    | Paralysed by an air elemental for 1 turns
 68214 | Elf:1    | Reached XP level 19. HP: 160/161 MP: 18/38
 68436 | Elf:2    | Reached skill level 10 in Shapeshifting
 68648 | Elf:2    | Found a crumbling gateway.
 68657 | Desolati | Entered the Desolation of Salt
 68955 | Desolati | Identified the +6 shortbow of Arbitration {flame, *Corrode
                  | rC++ Int+3}
 68969 | Desolati | Identified the +10 plate armour of Zywav {Drain rPois rF+}
 68973 | Desolati | Identified Waimuc's Grimoire of the Airy Blaze
 69272 | Desolati | Identified the +2 battleaxe "Cuhitwua" {protect, rPois}
 69276 | Desolati | Identified the staff of Annihilation {rElec Dex+4 SInv Air}
 70896 | Desolati | Identified the Secrets of the Nimbus
 70896 | Desolati | Identified the ring of Conformity {Will+ Str+2}
 70896 | Desolati | Identified the ring of Lugonu's Esteem {Drain +Blink rPois
                  | EV+5}
 70896 | Desolati | Identified Ozaromaz's Volume of the Tectonic Discharge
 71031 | Desolati | Identified the Cyclopedia of Familiar Location
 72156 | D:3      | Bought a potion of invisibility for 104 gold pieces
 72156 | D:3      | Bought a potion of haste for 130 gold pieces
 72156 | D:3      | Bought a potion of might for 52 gold pieces
 72156 | D:3      | Bought a potion of curing for 39 gold pieces
 72156 | D:3      | Bought a potion of haste for 130 gold pieces
 72156 | D:3      | Bought a potion of magic for 104 gold pieces
 72611 | Vaults:1 | Killed from afar by a deep elf high priest

Illustrated notes

Levels and vault maps discovered:
D:1:      dpeg_arrival_subterranean_lakeside_camping, layout_basic,
          serial_shops, nicolae_shop_rolling_square, minmay_pentomino_t2
D:2:      minmay_chambers_of_twos, layout_basic,
          hellmonk_ecumenical_altar_defaced_shrine, uniq_sigmund, uniq_terence
D:3:      layout_loops_ring, mainiacjoe_overflow_brackets, serial_shops,
          nicolae_shop_real_fake_doors, minmay_misc_feat_columns,
          minmay_misc_feat_rows, uniq_jessica, uniq_robin
D:4:      layout_gridville, mainiacjoe_overflow_cross_hatched, serial_shops,
          nicolae_shop_window_shopping, shop
D:5:      layout_layer_cave, mainiacjoe_overflow_paths
D:6:      layout_cave_pools, kennysheep_mini, gammafunk_ghost_grave,
          uniq_menkaure
D:7:      layout_basic, mainiacjoe_overflow_catwalk_spiral,
          minmay_temple_entry_mini_moons, uniq_crazy_yiuf_cottage, uniq_jeremiah
D:8:      layout_basic, xom_teletrap_fun, gammafunk_temple_overflow_elements
D:9:      hangedman_cross_stitches, layout_irregular_city,
          chequers_serial_rivers_micro_e, minmay_statue_crystal_thing
D:10:     layout_loops_ring, amethyst_overflow_temple_binary,
          nicolae_uskayaw_suspiria, serial_shops, nicolae_diamond_shop,
          chequers_serial_rivers_large_b, uniq_erolcha, uniq_fannar
D:11:     layout_stronghold, due_lair_maze_entry_diamond
D:12:     evilmike_diamond_1, layout_basic, erik_orc_2, uniq_gastronok,
          uniq_psyche
D:13:     layout_cave_pods, portal_ice_cave_entry_animals_and_master
D:14:     layout_basic, skrybe_vaults_entry_preservation,
          fedhas_altar_fruit_tree
D:15:     hangedman_depths_entry_try_elsewhere_first, layout_grid_maze,
          wad_floor_pattern_untrapped
Temple:   cyrus_temple_forest
Lair:1:   layout_layer_cave, minivault_26
Lair:2:   layout_regular_city, hellmonk_spider_entry_life_and_decay,
          lemuel_old_faithful
Lair:3:   layout_cave_pods, elwin_shoals_entry_rocks, serial_bayou_pond_c,
          grunt_megastairs_2, uniq_rupert
Lair:4:   layout_regular_city, slime_entry_2, wad_woods_river_01, uniq_sonja
Lair:5:   hellmonk_lair_end_abyssal_woods, layout_cave_pods, ldierk_geyser,
          grunt_megastairs_5
Shoals:1: layout_shoals, serial_shops, shop
Shoals:2: layout_shoals, gammafunk_ghost_necromancy,
          nicolae_shoals_cliffside_cave, nicolae_shoals_stone_sculpture_thing,
          abandoned_shop
Shoals:3: layout_shoals, serial_shops, shop, nicolae_stop_n_shop_1,
          uniq_polyphemus, uniq_ilsuiw
Shoals:4: shoals_end_grunt_ice, layout_shoals, shoal_ilsuiw
Spider:1: layout_spider_delve, special_room [special_room_bee], uniq_donald,
          uniq_agnes
Spider:2: layout_chambers, uniq_jorgrun, uniq_asterion
Spider:3: layout_chambers
Spider:4: spider_rune_water
Orc:1:    layout_diamond_mine, basic_altar
Orc:2:    grunt_orc_cross, layout_diamond_mine, serial_shops,
          nicolae_square_shop
Elf:1:    layout_gridlike, minmay_elf_demonology
Elf:2:    nicolae_elf_blades_crystal_corner, layout_onion_city,
          portal_desolation_entry_twin_temple, basic_altar,
          nicolae_elf_martial_mastery, lemuel_elevator
Vaults:1: ontoclasm_vaults_claustrophobia, nicolae_vaults_shipping_containers_6,
          nicolae_vaults_storage_closets_3, vaults_room_octagon,
          hangedman_vaults_nails, nicolae_vaults_apartment_2, v_rooms_1,
          v_misc_2, nicolae_vaults_what_the_h, v_misc_5, nicolae_vaults_house_2,
          v_misc_22, vaults_dpeg_spiral, v_misc_24, layout_vaults_omnibox

Skill      XL: |  1  2  3  4  5  6  7  8  9 10 11 12 13 14 15 16 17 18 19 |
---------------+----------------------------------------------------------+-----
Stealth        | 2 3 4 |  4.1
Fighting       | 1 2 3 4 5 6 8 9 11 13 14 15 | 15.5
Air Magic      | 1 2 4 5 6 |  6.4
Poison Magic   | 1 2 3 4 5 7 8 9 |  9.5
Conjurations   | 2 3 4 6 7 8 |  8.5
Spellcasting   | 4 5 6 7 8 9 10 12 13 | 13.0
Necromancy     | 1 5 8 10 | 10.1
Earth Magic    | 1 4 7 8 |  8.4
Transmutations | 4 7 9 |  9.0
Staves         | 4 7 9 11 12 13 | 13.7
Shapeshifting  | 3 6 8 9 10 | 10.9
Fire Magic     | 4 7 9 |  9.9
Dodging        | |  1.7
Summonings     | |  1.0
Translocations | |  0.8

Action                     |  1- 3 |  4- 6 |  7- 9 | 10-12 | 13-15 | 16-18 | 19-21 || total
---------------------------+-------+-------+-------+-------+-------+-------+-------++-------
  Melee: Dagger            |   114 |   105 |       |       |       |       |       ||   219
         Punch             |     1 |     3 |       |       |     3 |       |       ||     7
         Short sword       |       |    41 |   346 |       |       |       |       ||   387
         Trident           |       |       |    10 |   261 |   138 |       |       ||   409
         Lajatang          |       |       |       |       |   129 |       |       ||   129
         Long sword        |       |       |       |       |   150 |   489 |   204 ||   843
         Kick              |       |       |       |       |    94 |   305 |   129 ||   528
         Demon blade       |       |       |       |       |       |    13 |       ||    13
  Throw: Dart              |       |       |       |     1 |     3 |     4 |       ||     8
   Cast: Magic Dart        |       |    67 |     3 |       |       |       |       ||    70
         Mephitic Cloud    |       |     4 |    55 |    78 |    73 |   128 |    26 ||   364
         Call Imp          |       |     2 |    12 |     4 |     1 |     1 |     2 ||    22
         Ignite Poison     |       |       |    15 |    42 |    38 |    71 |    16 ||   182
         Airstrike         |       |       |       |    72 |   108 |    69 |    12 ||   261
         Borgnjor's Vile C |       |       |       |    59 |   242 |   390 |    89 ||   780
         Freezing Cloud    |       |       |       |     1 |    97 |   136 |    15 ||   249
         Blink             |       |       |       |       |     1 |     1 |     2 ||     4
         Eringya's Noxious |       |       |       |       |       |     3 |     3 ||     6
         Iskenderun's Myst |       |       |       |       |       |    15 |     4 ||    19
         Simulacrum        |       |       |       |       |       |     4 |       ||     4
 Invoke: Curse Item        |       |       |     1 |     3 |     2 |       |       ||     6
         Shatter the Chain |       |       |       |       |     1 |       |       ||     1
  Evoke: Wand              |       |     5 |     6 |    23 |    27 |    25 |     9 ||    95
         Phantom mirror    |       |       |       |       |     2 |     2 |     1 ||     5
    Use: Scroll            |     1 |     6 |     8 |     8 |    10 |    12 |     3 ||    48
         Potion            |       |     1 |     1 |     5 |     4 |    12 |    18 ||    41
   Stab: Sleeping          |    10 |     1 |     6 |       |     5 |     2 |       ||    24
         Confused          |       |     2 |    17 |    14 |    14 |    15 |     3 ||    65
         Distracted        |       |     1 |     2 |       |     2 |     3 |       ||     8
         Invisible         |       |       |       |     1 |       |       |     1 ||     2
 Armour: Robe              |    63 |   114 |   107 |       |       |       |       ||   284
         Leather armour    |       |       |   117 |   231 |   482 |       |       ||   830
         Animal skin       |       |       |       |       |    58 |   794 |   290 ||  1142
  Dodge: Dodged            |    68 |   115 |   206 |   162 |   368 |   425 |   135 ||  1479
  Block: Buckler           |       |       |       |       |    70 |   537 |   228 ||   835
         Reflection        |       |       |       |       |     7 |    25 |     8 ||    40

Table legend: (Time is in decaauts)
 A = Elapsed time spent in this place.
 B = Non-inter-level travel time spent in this place.
 C = Inter-level travel time spent in this place.
 D = Time resting spent in this place.
 E = Time spent auto-exploring this place.
 F = Levels seen in this place.
 G = Mean time per level.
                   A        B        C        D        E       F      G
               +--------+--------+--------+--------+--------+-----+--------+
         Total |  73243 |  68086 |   5157 |  31049 |  21933 |  36 | 2034.5 |
       Dungeon |  26014 |  23207 |   2807 |   7633 |  10437 |  15 | 1734.3 |
        Temple |     48 |      1 |     47 |      0 |      0 |   1 |   48.0 |
          Lair |  12879 |  11642 |   1237 |   5037 |   4504 |   5 | 2575.8 |
        Shoals |  10513 |  10215 |    298 |   5834 |   2486 |   4 | 2628.2 |
   Spider Nest |  14064 |  13628 |    436 |   8394 |   2524 |   4 | 3516.0 |
  Orcish Mines |   3106 |   2800 |    306 |   1150 |   1108 |   2 | 1553.0 |
   Elven Halls |   1292 |   1292 |      0 |    484 |    254 |   2 |  646.0 |
        Vaults |   1602 |   1580 |     22 |    549 |    477 |   1 | 1602.0 |
      Ice Cave |   1261 |   1261 |      0 |    696 |    143 |   1 | 1261.0 |
    Desolation |   2461 |   2461 |      0 |   1271 |      0 |   1 | 2461.0 |
               +--------+--------+--------+--------+--------+-----+--------+

Top non-repeatable levels by time:
Shoals:3: 5070 daAuts
Spider:3: 4201 daAuts
Spider:1: 3899 daAuts
  Lair:5: 3557 daAuts
Spider:2: 3285 daAuts
  Lair:4: 2788 daAuts
Spider:4: 2678 daAuts
     D:5: 2610 daAuts
Desolation: 2461 daAuts
  Lair:3: 2383 daAuts
  Lair:1: 2311 daAuts
    D:11: 2293 daAuts
Shoals:4: 2275 daAuts
   Orc:2: 2266 daAuts
    D:12: 2233 daAuts
